 Dungeon Crawl Stone Soup version 0.20.1-1-g8b1a95d (webtiles) character file.

62 homeworkjunkie the Shield-Bearer (level 4, -4/40 HPs)
             Began as a Hill Orc Fighter on Dec 22, 2017.
             Slain by Natasha (8 damage)
             ... on level 3 of the Dungeon.
             The game lasted 00:02:09 (688 turns).

homeworkjunkie the Shield-Bearer (Hill Orc Fighter)  Turns: 688, Time: 00:02:10

Health: -4/40      AC:  7    Str: 24    XL:     4   Next: 8%
Magic:  4/4        EV:  7    Int:  8    God:
Gold:   14         SH: 10    Dex: 10    Spells: 3/3 levels left

rFire    . . .     SeeInvis .   a - +0 war axe
rCold    . . .     Gourm    .   c - +0 shield
rNeg     . . .     Faith    .   b - +0 scale mail
rPois    .         Spirit   .   (no helmet)
rElec    .         Reflect  .   (no cloak)
rCorr    .         Harm     .   (no gloves)
MR       .....                  (no boots)
Stlth    ..........             (no amulet)
Regen    0.2/turn               (no ring)
MPRegen  0.1/turn               (no ring)

@: mighty, slowed, very slow
A: no striking features
a: Convert to Beogh


You were on level 3 of the Dungeon.
You were not hungry.

You visited 1 branch of the dungeon, and saw 4 of its levels.

You collected 14 gold pieces.

Inventory:

Hand Weapons
 a - a +0 war axe (weapon)
Armour
 b - a +0 scale mail (worn)
 c - a +0 shield (worn)
Wands
 i - a wand of iceblast (6/15)
Scrolls
 h - 2 scrolls of identify
 j - a scroll of remove curse {unknown}
 l - a scroll of immolation {unknown}
 m - a scroll of enchant weapon {unknown}
 n - a scroll of recharging {unknown}
 p - a scroll of magic mapping {unknown}
 q - a scroll of blinking {unknown}
Potions
 e - a potion of brilliance
 k - a potion of heal wounds {unknown}
Comestibles
 f - a bread ration
 g - a royal jelly
 o - a fruit


   Skills:
 * Level 3.9 Fighting
 * Level 3.1 Axes
 * Level 3.9 Armour
 + Level 0.1 Dodging
 * Level 4.3 Shields
 * Level 0.2 Evocations


You had 3 spell levels left.
You didn't know any spells.

Dungeon Overview and Level Annotations

Branches:
Dungeon (4/15)
 Temple: D:4-7

Altars:

Shops:
D:4 %

Annotations:
D:3 Natasha
D:4 PipsiMox's ghost, amateur HOMo


Message History

The orc priest hits you but does no damage.
Natasha, Servant of Life and Death comes into view.
You slash the orc priest!
The orc priest is severely wounded.
You barely miss the orc.
Natasha growls.
The orc hits you but does no damage. The orc priest hits you with a club.
* * * LOW HITPOINT WARNING * * *
A rat and an orc come into view.
You feel very mighty all of a sudden. The orc hits you but does no damage.
The orc priest looks encouraged for a moment.
Natasha casts a spell at you.
You feel yourself slow down.
The orc priest miscasts a cantrip.
You slash the orc!
You kill the orc!
You closely miss the orc priest. You block the orc priest's attack.
Natasha claws you!
You die...

### ### # ..#### #.# #
#.##### #.#.. ..# .
o...... #.#.####.####.#
..r....###.#...........#
o.....o[.....#.##.######
...o..o)h....#.##.......
#.#####@####...#####.#..
#.# #$..# ###.#.. #+#
#...# #...... #.$.#
#.#.#.. #.#.. #.#.##.
#.#...# #....
#.#.....#..#. #.
#......... ........#.


You could see an orc priest, an orc wizard, Natasha, 3 orcs and a rat.

Vanquished Creatures
  Natasha (D:3)
  An adder (D:2)
  2 dart slugs
  4 orcs (D:3)
  A giant cockroach (D:2)
  2 goblins
  3 hobgoblins
  A ball python (D:2)
  2 bats (D:1)
  A frilled lizard (D:3)
  2 kobolds (D:1)
  3 rats
23 creatures vanquished.

Notes
Turn   | Place    | Note
-------+----------+-------------------------------------------
     0 | D:1      | homeworkjunkie the Hill Orc Fighter began the quest for the Orb.
     0 | D:1      | Reached XP level 1. HP: 19/19 MP: 1/1
   127 | D:1      | Reached XP level 2. HP: 13/27 MP: 2/2
   465 | D:2      | Reached XP level 3. HP: 33/33 MP: 3/3
   586 | D:4      | Found Jeruruf's Food Boutique.
   586 | D:4      | Noticed PipsiMox's ghost (amateur HOMo)
   674 | D:3      | Noticed Natasha
   677 | D:3      | Killed Natasha
   677 | D:3      | Reached skill level 4 in Shields
   682 | D:3      | Reached XP level 4. HP: 24/40 MP: 4/4
   685 | D:3      | Noticed Natasha
   688 | D:3      | Slain by Natasha

Skill      XL: |  1  2  3 |
---------------+----------+-----
Axes           | 3 |  3.1
Shields        | 4 |  4.3
Fighting       | |  3.9
Armour         | |  3.9
Dodging        | |  0.1
Evocations     | |  0.2

Action                   |  1- 3 |  4- 6 || total
-------------------------+-------+-------++-------
Melee: War axe           |    71 |     3 ||    74
Evoke: Wand              |     2 |     1 ||     3
  Use: Scroll            |     2 |       ||     2
       Potion            |       |     1 ||     1
Armor: Scale mail        |    27 |     2 ||    29
Dodge: Dodged            |    19 |       ||    19
Block: Shield            |    42 |     3 ||    45
